 Dungeon Crawl Stone Soup version 0.25-a0-860-gf695395b5c (webtiles) character file.

Game seed: 11320775340553009605, levelgen mode: deterministic

962 Majang the Cudgeler (level 7, -4/56 HPs)
             Began as a Demonspawn Abyssal Knight on Apr 29, 2020.
             Was a Priest of Lugonu.
             Splashed by a jelly's acid (9 damage)
             ... on level 5 of the Dungeon.
             The game lasted 00:24:29 (5859 turns).

Majang the Cudgeler (Demonspawn Abyssal Knight)     Turns: 5859, Time: 00:24:31

Health: -4/56      AC:  1    Str: 14    XL:     7   Next: 92%
Magic:  19/19      EV: 10    Int: 14    God:    Lugonu [***...]
Gold:   227        SH:  0    Dex: 12    Spells: 6/6 levels left

rFire    . . .     SeeInvis .   a - +1 mace (protect)
rCold    + . .     Gourm    .   (no shield)
rNeg     . . .     Faith    .   y - +0 scale mail
rPois    .         Spirit   .   (helmet restricted)
rElec    .         Reflect  .   j - +0 cloak
rCorr    .         Harm     .   o - +1 pair of gloves
MR       .....                  h - +0 pair of boots
Stlth    ..........             (no amulet)
HPRegen  0.18/turn              (no ring)
MPRegen  0.16/turn              z - ring of magical power

@: corroded, protection aura
A: antennae 1, yellow scales 2, cold resistance 1
a: Depart the Abyss, Bend Space, Banish, Renounce Religion


You were on level 5 of the Dungeon.
You worshipped Lugonu.
Lugonu was most pleased with you.
You were not hungry.

You visited 1 branch of the dungeon, and saw 5 of its levels.
You visited the Abyss 1 time.

You collected 227 gold pieces.

Inventory:

Hand Weapons
 a - a +1 mace of protection (weapon)
 b - a +0 hunting sling
 d - a +0 flail
 w - a +1 mace
Missiles
 q - 72 sling bullets
Armour
 g - a +0 ring mail
 h - a +0 pair of boots (worn)
 j - a +0 cloak (worn)
 o - a +1 pair of gloves (worn)
 x - a +0 chain mail
 y - a +0 scale mail (worn)
Jewellery
 p - an uncursed ring of ice
 z - a ring of magical power (right hand)
Scrolls
 e - 4 scrolls of teleportation
 i - 3 scrolls of enchant armour
 k - a scroll of magic mapping
 n - a scroll of fog {unknown}
 t - 2 scrolls of remove curse
 u - 2 scrolls of identify
Potions
 f - a potion of brilliance {unknown}
 l - a potion of heal wounds {unknown}
 m - a potion of lignification
 r - a potion of might {unknown}
 s - 2 potions of degeneration {unknown}
Comestibles
 c - 4 rations


   Skills:
 + Level 5.2 Fighting
 * Level 5.9 Maces & Flails
 + Level 1.6 Slings
 + Level 2.7 Armour
 + Level 2.1 Dodging
 + Level 4.6 Invocations


You had 6 spell levels left.
You didn't know any spells.
Your spell library contained the following spells:

 Spells                   Type           Power        Failure   Level  Hunger
 Corona                   Hex            #......      75%         1    ##.....
 Ensorcelled Hibernation  Hex/Ice        #.....       87%         2    ###....
 Confusing Touch          Hex            #.......     98%         3    ####...
 Dazzling Flash           Conj/Hex       #.....       98%         3    ####...
 Tukima's Dance           Hex            #.......     98%         3    ####...


Dungeon Overview and Level Annotations

Branches:
Dungeon (5/15)
 Temple: D:4-7

Altars:
Elyvilon
Kikubaaqudgha
Okawaru
Qazlal
Trog
Vehumet
Xom
The Shining One

Annotations:
Abyss:1 Sigmund


Innate Abilities, Weirdness & Mutations

You have a pair of small antennae on your head.
You are mostly covered in yellow scales. (AC +3)
Your flesh is cold resistant. (rC+)


Message History

You hit the jelly but do no damage.
Your hands burn!
The jelly is heavily wounded.
The jelly hits you but does no damage.
You hit the jelly.
Your hands burn!
The jelly is severely wounded.
The jelly hits you but does no damage.
You hit the jelly but do no damage.
Your hands burn!
The jelly is severely wounded.
The jelly hits you.
You are splashed with acid.
You hit the jelly.
Your hands burn!
The jelly is severely wounded.
The jelly hits you. The acid corrodes you!
You are splashed with acid!
* * * LOW HITPOINT WARNING * * *
You sock the jelly!
Your hands burn!
* * * LOW HITPOINT WARNING * * *
The jelly is almost dead.
The jelly hits you.
* * * LOW HITPOINT WARNING * * *
The acid corrodes you!
You are splashed with acid!
You die...

..###......._......##..#....#
... #....#.. .#...#..#....##
#........#... #............##
#........# #.###.............#
...._8_.........#.......##.###
.# .... #..##.......###
#...........# #..........##
.#.J@......## .............##
.......................#
........ ..............#
........ )..#.###......#
....... ...#.........##
..(.... ...##.........#
......#####............#
.$....##..#..####...#..#


You could see a jelly.

Vanquished Creatures
  A sky beast (D:4)
  2 ogres
  A bullfrog (D:5)
  A scorpion (D:4)
  A howler monkey (D:5)
  2 orc priests (D:3)
  2 orc wizards (D:4)
  4 worker ants (D:5)
  A hound skeleton (D:5)
  14 adders
  An ooze (D:5)
  5 dart slugs
  3 worms (D:2)
  3 leopard geckos (D:2)
  14 orcs
  A ball python (D:4)
  4 giant cockroaches
  8 goblins
  11 hobgoblins
  11 jackals
  5 kobolds
  2 quokkas
  4 bats
  2 frilled lizards
  A leopard gecko skeleton (D:5)
  5 rats
109 creatures vanquished.

Notes
Turn   | Place    | Note
-------+----------+-------------------------------------------
     0 | Abyss:1  | Majang the Demonspawn Abyssal Knight began the quest for
                  | the Orb.
     0 | Abyss:1  | Reached XP level 1. HP: 18/18 MP: 2/2
    11 | D:1      | Escaped the Abyss
    73 | D:1      | Gained mutation: You have a pair of small antennae on your
                  | head. [demonic ancestry]
    73 | D:1      | Reached XP level 2. HP: 20/24 MP: 4/4
   480 | D:1      | Gained mutation: You are partially covered in yellow
                  | scales. (AC +2) [demonic ancestry]
   480 | D:1      | Reached XP level 3. HP: 19/29 MP: 5/5
   649 | D:1      | Reached ** piety under Lugonu
   997 | D:2      | Found a faded altar of an unknown god.
  1457 | D:2      | Reached XP level 4. HP: 31/35 MP: 6/6
  2082 | D:2      | Found a shimmering altar of Xom.
  2229 | D:3      | Gained mutation: You are mostly covered in yellow scales.
                  | (AC +3) [demonic ancestry]
  2229 | D:3      | Reached XP level 5. HP: 34/42 MP: 7/7
  2361 | D:3      | Found a glowing golden altar of the Shining One.
  2709 | D:3      | Found an ancient bone altar of Kikubaaqudgha.
  2796 | D:3      | HP: 1/42 [orc priest/nerve-wracking pain (14)]
  2810 | D:3      | Reached *** piety under Lugonu
  3090 | D:3      | Found an iron altar of Okawaru.
  3388 | D:4      | Noticed a fire elemental
  3391 | D:4      | Found a stormy altar of Qazlal.
  3395 | D:4      | Noticed a water elemental
  3395 | D:4      | Noticed an air elemental
  3473 | D:4      | Gained mutation: Your flesh is cold resistant. (rC+)
                  | [demonic ancestry]
  3473 | D:4      | Reached XP level 6. HP: 37/49 MP: 8/8
  3649 | D:4      | Noticed Sigmund
  3751 | D:4      | Banished Sigmund
  3751 | D:4      | Reached skill level 5 in Maces & Flails
  3770 | D:4      | Reached skill level 1 in Dodging
  4013 | D:4      | Reached XP level 7. HP: 25/55 MP: 9/9
  4437 | D:5      | Entered Level 5 of the Dungeon
  4989 | D:5      | Reached skill level 5 in Fighting
  4989 | D:5      | Reached skill level 1 in Slings
  5784 | D:5      | Found a white marble altar of Elyvilon.
  5789 | D:5      | Found a radiant altar of Vehumet.
  5803 | D:5      | Found a bloodstained altar of Trog.
  5859 | D:5      | Splashed by a jelly's acid

Levels and vault maps discovered:
D:1:      saegor_arrival_miasma, layout_rooms, serial_forest,
          infiniplex_forest_lined_3, infiniplex_forest_lined_room_3,
          infiniplex_forest_clump_curved, infiniplex_forest_straight_2,
          infiniplex_forest_lined_3, infiniplex_forest_lined_2,
          infiniplex_forest_clump_small, hangedman_decor_push
D:2:      layout_rooms, tgw_xom, chequers_ecumenical_altar_twisty
D:3:      layout_loops_ring, old_standard_altar, overflow_temple_1_default,
          okawaru_metal_pillars_1_2
D:4:      layout_rooms, nicolae_qazlal_style_of_elements, first_ration,
          uniq_sigmund
D:5:      layout_cave_pools, chequers_temple_overflow_statue_of_worship,
          kennysheep_little_box, kennysheep_mini,
          chequers_serial_rivers_large_b, grunt_ministairs_12

Skill      XL: |  1  2  3  4  5  6  7 |
---------------+----------------------+-----
Maces & Flails | 2 3 4 5 |  5.9
Invocations    | 3 4 |  4.6
Fighting       | 4 5 |  5.2
Dodging        | 1 2 |  2.1
Armour         | 2 |  2.7
Slings         | 1 |  1.6

Action                   |  1- 3 |  4- 6 |  7- 9 || total
-------------------------+-------+-------+-------++-------
Melee: Mace              |   105 |   191 |   162 ||   458
       Flail             |       |    29 |       ||    29
 Fire: Hunting sling     |       |    22 |       ||    22
Invok: Bend Space        |     2 |       |       ||     2
       Banish            |       |     1 |       ||     1
  Use: Scroll            |       |     8 |       ||     8
       Potion            |       |     4 |       ||     4
  Eat: Chunk             |     1 |     9 |     7 ||    17
Armor: Leather armour    |     1 |       |       ||     1
       Ring mail         |    43 |    41 |       ||    84
       Scale mail        |       |    67 |   115 ||   182
       Skin              |       |     4 |       ||     4
Dodge: Dodged            |    69 |   109 |    79 ||   257

Table legend:
 A = Non-vault XP
 B = Vault XP
 C = Vault XP percentage of total XP
 D = Non-vault monster count
 E = Vault monster count
 F = Vault count percentage of total count
                 A         B        C        D         E       F
            +---------+---------+-------+---------+---------+-------
      Total |    1238 |     137 |  10.0 |     104 |       6 |   5.5
            +---------+---------+-------+---------+---------+-------
        D:1 |      72 |       0 |   0.0 |      31 |       0 |   0.0
        D:2 |      96 |      18 |  15.8 |      15 |       4 |  21.1
        D:3 |     165 |       0 |   0.0 |      22 |       0 |   0.0
        D:4 |     463 |     116 |  20.0 |      22 |       1 |   4.3
        D:5 |     442 |       3 |   0.7 |      14 |       1 |   6.7
            +---------+---------+-------+---------+---------+-------
